 Dungeon Crawl Stone Soup version 0.24-a0-779-g36f0aeb843 (webtiles) character file.

Game seed: 15373644379795974212, levelgen mode: deterministic

287 Kohma the Charmwright (level 6, -2/50 HPs)
             Began as a Gnoll Skald on Oct 8, 2019.
             Was an Initiate of Okawaru.
             Slain by a centaur zombie (6 damage)
             ... in an ossuary.
             The game lasted 00:09:09 (3610 turns).

Kohma the Charmwright (Gnoll Skald)                 Turns: 3610, Time: 00:09:10

Health: -2/50      AC:  6    Str: 16    XL:     6   Next: 30%
Magic:  3/12       EV: 15    Int: 25    God:    Okawaru [......]
Gold:   170        SH:  6    Dex: 16    Spells: 4/15 levels left

rFire    . . .     SeeInvis .   a - +0 spear
rCold    . . .     Gourm    .   r - +2 buckler
rNeg     + . .     Faith    .   y - +0 ring mail
rPois    .         Spirit   .   w - +0 helmet
rElec    .         Reflect  .   (no cloak)
rCorr    .         Harm     .   (no gloves)
MR       .....     Rnd*Tele +   (no boots)
Stlth    +.........             (no amulet)
HPRegen  1.16/turn              e - +3 ring of intelligence
MPRegen  0.13/turn              o - ring of positive energy

@: brilliant, marked, singing, regenerating (expiring)
A: distributed training, fangs 1, repulsion field 1, agile 1, clever 1, low mp
1, teleportitis 1, strong nose
a: Renounce Religion


You were in an ossuary.
You worshipped Okawaru.
Okawaru was noncommittal.
You were very hungry.

You visited 1 branch of the dungeon, and saw 4 of its levels.
You also visited: Ossuary.

You collected 170 gold pieces.

Inventory:

Hand Weapons
 a - a +0 spear (weapon)
Missiles
 f - 101 stones (quivered)
 k - 25 poisoned darts
 n - 29 sling bullets
 q - 45 arrows
Armour
 b - a +0 leather armour
 r - a +2 buckler (worn)
 u - a +0 robe of magic resistance
 w - a +0 helmet (worn)
 y - a +0 ring mail (worn)
Jewellery
 e - a +3 ring of intelligence (left hand)
 o - a ring of positive energy (right hand)
 A - a +1 ring of evasion {unknown}
 B - an uncursed ring of poison resistance {unknown}
Scrolls
 c - a scroll of remove curse
 h - 2 scrolls of magic mapping
 m - a scroll of teleportation {unknown}
 p - 9 scrolls of identify {unknown}
 s - a scroll of amnesia {unknown}
Potions
 g - a potion of brilliance
 i - a potion of cancellation {unknown}
 j - 2 potions of curing
 l - a potion of flight {unknown}
 v - a potion of agility {unknown}
 x - a potion of berserk rage {unknown}
Comestibles
 d - 7 rations
 z - 6 chunks of flesh


   Skills:
 + Level 4.9 Fighting
 + Level 1.8 Short Blades
 + Level 1.8 Long Blades
 + Level 1.8 Axes
 + Level 1.8 Maces & Flails
 + Level 4.9 Polearms
 + Level 1.8 Staves
 + Level 1.8 Slings
 + Level 1.8 Bows
 + Level 1.8 Crossbows
 + Level 1.8 Throwing
 + Level 3.2 Armour
 + Level 4.9 Dodging
 + Level 1.8 Stealth
 + Level 1.8 Shields
 + Level 1.8 Unarmed Combat
 + Level 5.3 Spellcasting
 + Level 1.4 Conjurations
 + Level 1.4 Hexes
 + Level 5.6 Charms
 + Level 1.4 Summonings
 + Level 1.4 Necromancy
 + Level 1.4 Translocations
 + Level 1.4 Transmutations
 + Level 1.4 Fire Magic
 + Level 1.4 Ice Magic
 + Level 1.4 Air Magic
 + Level 1.4 Earth Magic
 + Level 1.4 Poison Magic
 + Level 2.0 Invocations
 + Level 1.8 Evocations


You had 4 spell levels left.
You knew the following spells:

 Your Spells              Type           Power        Failure   Level  Hunger
a - Infusion              Chrm           ####         1%          1    None
b - Song of Slaying       Chrm           #####...     1%          2    None
c - Shroud of Golubria    Chrm/Tloc      #####.       1%          2    None
d - Regeneration          Chrm/Necr      #####.....   1%          3    #......
e - Spectral Weapon       Hex/Chrm       #####...     1%          3    #......

Your spell library contained the following spells:

 Spells                   Type           Power        Failure   Level  Hunger
 Corona                   Hex            ####...      1%          1    None
 Ensorcelled Hibernation  Hex/Ice        ####..       1%          2    None
 Confuse                  Hex            ####....     4%          3    #......
 Dazzling Spray           Conj/Hex       ####..       4%          3    #......
 Tukima's Dance           Hex            ####....     4%          3    #......


Dungeon Overview and Level Annotations

Branches:
Dungeon (4/15)            Ossuary (1/1)
 Temple: D:4-7

Altars:
Ashenzari
Okawaru
Wu Jian
The Shining One

Annotations:
D:3 3 runed translucent doors, Howlingfantods's ghost, amateur HuAM


Innate Abilities, Weirdness & Mutations

Your experience applies equally to all skills.
You have very sharp teeth.
Your uncanny sense of smell can sniff out nearby items.
You are surrounded by a mild repulsion field. (EV +2)
You are agile. (Dex +2)
Your mind is acute. (Int +2)
Your magical capacity is low. (-10% MP)
You are occasionally teleported next to monsters.


Message History

* * * LOW HITPOINT WARNING * * *
The mummy hits you!
* * * LOW HITPOINT WARNING * * *
Okay, then.
Okay, then.
It was a potion of mutation.
You feel extremely strange.
You feel agile.
You feel weirdly uncertain.
Your system partially rejects the healing effects of potions.
You begin to radiate repulsive energy.
You block the centaur zombie's attack.
The centaur zombie hits you but does no damage.
A big kobold zombie comes into view.
The centaur zombie closely misses you.
Okay, then.
Really quaff the potion of mutation?
You feel extremely strange.
Your system completely accepts the healing effects of potions.
You feel less energetic.
You feel clever. The centaur zombie hits you.
You die...

#.....#
#Z.∩..#
#.....#
#..∩..#
#.....#
#.Z...#
#.Z...#


#ZMMZ.# ##@Z.## ##### You could see 2 mummies, a big kobold zombie and 5 centaur
zombies.

Vanquished Creatures
  Sigmund (D:2)
  Terence (D:2)
  A mummy (Ossuary)
  Robin (D:2)
  An adder (D:3)
  An ooze (D:3)
  An adder skeleton (D:4)
  2 worms (D:2)
  3 dart slugs (D:1)
  A leopard gecko (D:4)
  3 orcs (D:3)
  5 giant cockroaches
  10 goblins
  7 hobgoblins
  2 jackals (D:2)
  4 kobolds
  A ball python (D:1)
  4 bats
  A frilled lizard (D:2)
  9 rats
59 creatures vanquished.

Vanquished Creatures (others)
  A spectral weapon (Ossuary)
1 creature vanquished.

Grand Total: 60 creatures vanquished

Notes
Turn   | Place    | Note
-------+----------+-------------------------------------------
     0 | D:1      | Kohma the Gnoll Skald began the quest for the Orb.
     0 | D:1      | Reached XP level 1. HP: 20/20 MP: 6/6
     6 | D:1      | Noticed a polar bear
     6 | D:1      | Noticed an iguana
   150 | D:1      | Reached XP level 2. HP: 26/26 MP: 7/7
   160 | D:1      | Learned a level 2 spell: Song of Slaying
   163 | D:1      | Learned a level 2 spell: Shroud of Golubria
   578 | D:1      | Reached XP level 3. HP: 20/31 MP: 9/9
   583 | D:1      | Reached skill level 5 in Spellcasting
   970 | D:2      | Noticed Terence
   992 | D:2      | Killed Terence
   992 | D:2      | Reached skill level 1 in Short Blades
   992 | D:2      | Reached skill level 1 in Long Blades
   992 | D:2      | Reached skill level 1 in Axes
   992 | D:2      | Reached skill level 1 in Maces & Flails
   992 | D:2      | Reached skill level 1 in Staves
   992 | D:2      | Reached skill level 1 in Slings
   992 | D:2      | Reached skill level 1 in Bows
   992 | D:2      | Reached skill level 1 in Crossbows
   992 | D:2      | Reached skill level 1 in Throwing
   992 | D:2      | Reached skill level 1 in Stealth
   992 | D:2      | Reached skill level 1 in Shields
   992 | D:2      | Reached skill level 1 in Unarmed Combat
   992 | D:2      | Reached skill level 1 in Invocations
   992 | D:2      | Reached skill level 1 in Evocations
  1248 | D:2      | Learned a level 3 spell: Regeneration
  1252 | D:2      | Learned a level 3 spell: Spectral Weapon
  1427 | D:2      | Reached XP level 4. HP: 26/38 MP: 3/11
  1536 | D:2      | Noticed Sigmund
  1583 | D:2      | Killed Sigmund
  1583 | D:2      | Reached skill level 1 in Conjurations
  1583 | D:2      | Reached skill level 1 in Hexes
  1583 | D:2      | Reached skill level 1 in Summonings
  1583 | D:2      | Reached skill level 1 in Necromancy
  1583 | D:2      | Reached skill level 1 in Translocations
  1583 | D:2      | Reached skill level 1 in Transmutations
  1583 | D:2      | Reached skill level 1 in Fire Magic
  1583 | D:2      | Reached skill level 1 in Ice Magic
  1583 | D:2      | Reached skill level 1 in Air Magic
  1583 | D:2      | Reached skill level 1 in Earth Magic
  1583 | D:2      | Reached skill level 1 in Poison Magic
  1583 | D:2      | Reached XP level 5. HP: 22/43 MP: 4/12
  2107 | D:2      | Noticed Robin
  2130 | D:2      | Reached XP level 6. HP: 41/50 MP: 0/13
  2139 | D:2      | Killed Robin
  2757 | D:3      | Found an iron altar of Okawaru.
  2757 | D:3      | Found a shattered altar of Ashenzari.
  2758 | D:3      | Found a glowing golden altar of the Shining One.
  2764 | D:3      | Became a worshipper of Warmaster Okawaru
  2779 | D:3      | Found a runed translucent gate.
  2779 | D:3      | Found a runed translucent gate.
  2782 | D:3      | Found a runed translucent gate.
  2784 | D:3      | Noticed Howlingfantods's ghost (amateur HuAM)
  3329 | D:3      | Found an ornate altar of the Wu Jian Council.
  3544 | D:4      | Found a sand-covered staircase.
  3594 | Ossuary  | Entered an ossuary
  3608 | Ossuary  | HP: 1/50 [mummy (14)]
  3609 | Ossuary  | Gained mutation: You are agile. (Dex +2) [potion of
                  | mutation]
  3609 | Ossuary  | Gained mutation: You are occasionally teleported next to
                  | monsters. [potion of mutation]
  3609 | Ossuary  | Gained mutation: Potions are less effective at restoring
                  | your health. [potion of mutation]
  3609 | Ossuary  | Gained mutation: You are surrounded by a mild repulsion
                  | field. (EV +2) [potion of mutation]
  3610 | Ossuary  | Lost mutation: Potions are less effective at restoring your
                  | health. [potion of mutation]
  3610 | Ossuary  | Gained mutation: Your magical capacity is low. (-10% MP)
                  | [potion of mutation]
  3610 | Ossuary  | Gained mutation: Your mind is acute. (Int +2) [potion of
                  | mutation]
  3610 | Ossuary  | Slain by a centaur zombie

Levels and vault maps discovered:
D:1:      onia_arrival_zoo_common, layout_basic
D:2:      layout_basic, uniq_sigmund, uniq_robin, uniq_terence
D:3:      layout_loops_corners, lemuel_coloured_pillars_altar,
          gammafunk_temple_overflow_claw, gammafunk_ghost_split, first_ration
D:4:      layout_cave_pools, old_standard_altar, nicolae_overflow_hidden_temple,
          chequers_ossuary_entry_cave
Ossuary:  ossuary_the_hunt_dpeg

Skill      XL: |  1  2  3  4  5  6 |
---------------+-------------------+-----
Spellcasting   | 5 |  5.3
Short Blades   | 1 |  1.8
Long Blades    | 1 |  1.8
Axes           | 1 |  1.8
Maces & Flails | 1 |  1.8
Staves         | 1 |  1.8
Slings         | 1 |  1.8
Bows           | 1 |  1.8
Crossbows      | 1 |  1.8
Throwing       | 1 |  1.8
Stealth        | 1 |  1.8
Shields        | 1 |  1.8
Unarmed Combat | 1 |  1.8
Invocations    | 1 2 |  2.0
Evocations     | 1 |  1.8
Armour         | 3 |  3.2
Conjurations   | 1 |  1.4
Hexes          | 1 |  1.4
Summonings     | 1 |  1.4
Necromancy     | 1 |  1.4
Translocations | 1 |  1.4
Transmutations | 1 |  1.4
Fire Magic     | 1 |  1.4
Ice Magic      | 1 |  1.4
Air Magic      | 1 |  1.4
Earth Magic    | 1 |  1.4
Poison Magic   | 1 |  1.4
Fighting       | |  4.9
Polearms       | |  4.9
Dodging        | |  4.9
Charms         | |  5.6

Action                   |  1- 3 |  4- 6 || total
-------------------------+-------+-------++-------
Melee: Spear             |    95 |   147 ||   242
       Bite              |     7 |     8 ||    15
 Cast: Shroud of Golubri |     3 |     5 ||     8
       Infusion          |     2 |       ||     2
       Song of Slaying   |       |     5 ||     5
       Regeneration      |       |     2 ||     2
       Spectral Weapon   |       |     3 ||     3
  Use: Potion            |       |     4 ||     4
       Scroll            |       |     2 ||     2
 Stab: Sleeping          |     1 |       ||     1
  Eat: Chunk             |     2 |     6 ||     8
Armor: Leather armour    |     8 |     9 ||    17
       Ring mail         |       |    14 ||    14
Dodge: Dodged            |    41 |    56 ||    97
Block: Buckler           |     1 |    28 ||    29

Table legend:
 A = Non-vault XP
 B = Vault XP
 C = Vault XP percentage of total XP
 D = Non-vault monster count
 E = Vault monster count
 F = Vault count percentage of total count
                 A         B        C        D         E       F
            +---------+---------+-------+---------+---------+-------
      Total |     118 |     292 |  71.2 |      49 |      10 |  16.9
            +---------+---------+-------+---------+---------+-------
        D:1 |      40 |       0 |   0.0 |      22 |       0 |   0.0
        D:2 |      31 |     274 |  89.8 |      14 |       9 |  39.1
        D:3 |      37 |       0 |   0.0 |      10 |       0 |   0.0
        D:4 |      10 |       0 |   0.0 |       3 |       0 |   0.0
    Ossuary |       0 |      18 | 100.0 |       0 |       1 | 100.0
            +---------+---------+-------+---------+---------+-------
